 Dungeon Crawl Stone Soup version 0.28.0-53-g5a82cb258f (webtiles) character file.

Game seed: 6258930493224399115

7716 jamesp the Spear-Bearer (level 11, 0/90 HPs)
             Began as a Naga Warper on July 29, 2022.
             Was a High Priest of Cheibriados.
             Succumbed to a meliai's poison
             ... on level 11 of the Dungeon.
             The game lasted 00:44:24 (12910 turns).

jamesp the Spear-Bearer (Naga Warper)              Turns: 12910, Time: 00:44:24

Health: 0/90       AC: 15    Str: 24    XL:     11   Next: 19%
Magic:  19/19      EV: 11    Int: 28    God:    Cheibriados [*****.]
Gold:   528        SH: 11    Dex: 24    Spells: 14/20 levels left

rFire   + + +      SeeInvis +   B - +8 trident "Uzarosm" {vorpal, rF+++ rC+ Will+ Int-5}
rCold   + . .      Faith    .   X - +0 buckler
rNeg    . . .      Spirit   .   P - +2 robe {Archmagi}
rPois   +          Reflect  +   s - +0 helmet
rElec   .          Harm     .   I - +0 cloak
rCorr   .          Rampage  .   y - +2 pair of gloves
Will    ++...      Archmagi +   (no barding)
Stlth   ++........              S - amulet of reflection
HPRegen 0.25/turn               l - +6 ring of intelligence
MPRegen 0.16/turn               R - +4 ring of protection

@: lethally poisoned (0 -> -5), very slow
A: AC +3, large, see invisible, deformed body, poison resistance, slowness 2,
spit poison 1, naga tail 1
a: Spit Poison, Renounce Religion, Bend Time, Temporal Distortion, Slouch, Step
From Time


You were on level 11 of the Dungeon.
You worshipped Cheibriados.
Cheibriados was extremely pleased with you.
You visited 2 branches of the dungeon, and saw 12 of its levels.

You collected 528 gold pieces.

Inventory:

Hand Weapons
 r - a +0 hunting sling
 x - the +5 flail of Wrath {flame, Str+3}
   (You found it on level 8 of the Dungeon)

   It burns those it strikes, dealing additional fire damage.
   Str:       It affects your strength (+3).
 B - the +8 trident "Uzarosm" (weapon) {vorpal, rF+++ rC+ Will+ Int-5}
   (You found it on level 4 of the Dungeon)

   It inflicts extra damage upon your enemies.
   Int:       It affects your intelligence (-5).
   rF:        It renders you almost immune to fire.
   rC:        It protects you from cold.
   Will:      It increases your willpower.
 M - a +5 spear of venom
Missiles
 d - 5 boomerangs of dispersal
 e - 7 poisoned darts
 g - 266 stones (quivered)
 i - 24 boomerangs
 m - 2 javelins
 n - 15 sling bullets
 z - 110 bolts
 A - 118 arrows
 W - 6 throwing nets
Armour
 s - a +0 helmet (worn)
 y - a +2 pair of gloves (worn)
 I - a +0 cloak (worn)
 P - a +2 robe of the Archmagi (worn)
 X - a +0 buckler (worn)
 Z - a +2 robe of cold resistance
Jewellery
 h - a ring of ice
 l - a +6 ring of intelligence (left hand)
 R - a +4 ring of protection (right hand)
 S - an amulet of reflection (around neck)
 V - the ring of Jutawaem {rPois rN+}
   (You found it on level 8 of the Dungeon)

   [ring of positive energy]

   rPois:     It protects you from poison.
   rN:        It protects you from negative energy.
Wands
 t - a wand of charming (8)
 u - a wand of flame (18)
 L - a wand of iceblast (11)
 Y - a wand of polymorph (3)
Scrolls
 c - 4 scrolls of blinking
 f - 3 scrolls of amnesia
 j - 4 scrolls of teleportation
 k - a scroll of fear {unknown}
 p - 3 scrolls of identify
 v - a scroll of fog {unknown}
 C - a scroll of torment {unknown}
 F - 2 scrolls of silence {unknown}
 H - a scroll of enchant armour {unknown}
 N - a scroll of enchant weapon {unknown}
Potions
 a - a potion of cancellation {unknown}
 b - 2 potions of lignification {unknown}
 o - 3 potions of curing
 q - 2 potions of magic {unknown}
 w - 2 potions of haste {unknown}
 D - a potion of resistance {unknown}
 E - 3 potions of mutation
 G - a potion of degeneration {unknown}
 J - 2 potions of berserk rage
 K - 2 potions of flight {unknown}
 O - 2 potions of heal wounds {unknown}
 Q - 4 potions of attraction
 T - 3 potions of might
 U - a potion of ambrosia


   Skills:
 - Level 3.2 Fighting
 - Level 2.0 Long Blades
 - Level 12.1 Polearms
 - Level 1.0 Throwing
 - Level 0.8 Armour
 - Level 2.6 Dodging
 + Level 2.2 Shields
 + Level 5.3 Spellcasting
 - Level 9.3 Translocations
 + Level 2.8 Evocations


You had 14 spell levels left.
You knew the following spells:

 Your Spells              Type           Power      Damage    Failure   Level
a - Blink                 Tloc           100%       N/A       1%          2
b - Iskenderun's Mystic   Conj/Tloc      50%        2d11      12%         4

Your spell library contained the following spells:

 Spells                   Type           Power      Damage    Failure   Level
 Gell's Gravitas          Tloc           73%        N/A       1%          3
 Lesser Beckoning         Tloc           73%        N/A       1%          3
 Teleport Other           Tloc           73%        N/A       1%          3
 Manifold Assault         Tloc           73%        N/A       4%          5
 Dazzling Flash           Conj/Hex       22%        N/A       24%         3
 Animate Armour           Summ/Erth      22%        N/A       61%         4
 Leda's Liquefaction      Hex/Erth       5%         N/A       61%         4
 Blade Hands              Tmut           5%         N/A       91%         5
 Lee's Rapid Deconstruct  Erth           5%         3d7*      91%         5
 Iron Shot                Conj/Erth      5%         9d2       100%        6
 Starburst                Conj/Fire      5%         6d4       100%        6
 Statue Form              Tmut/Erth      7%         N/A       100%        6


Dungeon Overview and Level Annotations

Branches:
Dungeon (11/15)            Temple (1/1) D:4
   Lair: D:8-11         Orc: D:9-12

Altars:
Ashenzari
Cheibriados
Dithmenos
Elyvilon
Fedhas
Gozag
Hepliaklqana
Kikubaaqudgha
Makhleb
Nemelex Xobeh
Okawaru
Qazlal
Ru
Sif Muna
Trog
Uskayaw
Vehumet
Wu Jian
Xom
Yredelemnul
Zin
The Shining One

Shops:
D:2 [


Innate Abilities, Weirdness & Mutations

Your serpentine skin is tough. (AC +3)
You have supernaturally acute eyesight. (SInv)
Armour fits poorly on your strangely shaped body.
Your system is resistant to poisons. (rPois)
You cover ground very slowly.
You can spit poison.
You have a snake-like lower body.


Message History

The meliai hits you with a +0 war axe! The meliai stings you.
You are poisoned.
The meliai poisons you!
You feel very sick. The meliai hits you with a +0 war axe.
The meliai closely misses you. x2
The meliai barely misses you. The meliai closely misses you.
You block the meliai's attack.
The meliai mumbles some strange prayers to its god against you.
Something smites you!
Activating: Slouch (63% risk of failure)
Press: ? - help, Dir - look around, f - activate You fail to use your ability.
You feel sick. The meliai hits you with a +0 war axe!
* * * LOW HITPOINT WARNING * * *
The meliai stings you but does no damage.
The meliai hits you but does no damage. The meliai stings you.
* * * LOW HITPOINT WARNING * * *
The orc priest invokes the aid of Beogh against you.
Beogh smites you!
* * * LOW HITPOINT WARNING * * *
Activating: Slouch (63% risk of failure)
Press: ? - help, Dir - look around, f - activate You fail to use your ability.
You feel sick. The meliai hits you with a +0 war axe.
* * * LOW HITPOINT WARNING * * *
The meliai stings you but does no damage.
The meliai completely misses you. You block the meliai's attack.
Activating: Slouch (63% risk of failure)
Press: ? - help, Dir - look around, f - activate You fail to use your ability.
* * * LOW HITPOINT WARNING * * *
You feel sick. The meliai hits you but does no damage.
The meliai stings you but does no damage.
The meliai hits you with a +0 war axe.
* * * LOW HITPOINT WARNING * * *
The meliai barely misses you.
Activating: Slouch (63% risk of failure)
Press: ? - help, Dir - look around, f - activate You fail to use your ability.
You die...

#.........P
#........P.
#........ .
#..........
#####.Z.o.#...#
......yoo)..#
#Oyo#..#
#y###.. #@###.#
#.##.. #.##.#
##.##.# #....<#
###...###
#....## #....#
#....#


You could see a two-headed ogre, an orc warrior, 3 meliai, an orc priest, an orc
and a centaur warrior zombie.

Vanquished Creatures
  Fannar (D:10)
  Erica (D:10)
  An ugly thing (D:10)
  A hornet (D:10)
  Grinder (D:6)
  A meliai zombie (D:10)
  11 yaks
  A steam dragon (D:8)
  Menkaure (D:6)
  2 water moccasins
  An orc warrior (D:7)
  A sky beast (D:7)
  A hornet zombie (D:5)
  An ogre (D:4)
  A black bear (D:4)
  A necrophage (D:5)
  A wolf (D:8)
  2 phantoms (D:6)
  A kobold brigand (D:8)
  Blork the orc (D:4)
  8 gnoll sergeants
  2 bullfrogs
  A scorpion (D:4)
  5 killer bees (D:10)
  A howler monkey (D:8)
  9 wights (D:9)
  An electric eel (D:10)
  A centaur zombie (D:9)
  3 orc priests
  10 hounds
  3 jellies
  A centaur skeleton (D:6)
  2 gnoll shamans
  Jessica (D:2)
  2 iguanas
  3 orc wizards
  Terence (D:2)
  A killer bee zombie (D:7)
  A hound skeleton (D:4)
  Robin (D:2)
  A howler monkey zombie (D:9)
  38 gnolls
  3 adders
  A shadow imp (D:5)
  An ufetubus (D:5)
  A worm (D:3)
  A dart slug (D:4)
  16 orcs
  5 endoplasms
  16 goblins
  6 hobgoblins
  6 jackals
  15 kobolds
  6 quokkas
  4 ball pythons
  8 bats
  4 frilled lizards
  6 rats
227 creatures vanquished.

Vanquished Creatures (others)
  A human (D:7)
  8 fungi (D:11)
  7 plants (D:11)
16 creatures vanquished.

Grand Total: 243 creatures vanquished

Notes
Turn   | Place    | Note
-------+----------+-------------------------------------------
     0 | D:1      | jamesp the Naga Warper began the quest for the Orb.
     0 | D:1      | Reached XP level 1. HP: 19/19 MP: 3/3
   267 | D:1      | Found a faded altar of an unknown god.
   601 | D:1      | Reached XP level 2. HP: 12/26 MP: 5/5
  1526 | D:1      | Reached XP level 3. HP: 4/33 MP: 6/6
  1860 | D:2      | Noticed Terence
  1867 | D:2      | Killed Terence
  1868 | D:2      | Reached XP level 4. HP: 34/40 MP: 7/7
  1898 | D:2      | Found Ubekhl Wias's Antique Armour Shop.
  2109 | D:2      | Noticed Robin
  2125 | D:1      | HP: 1/40 [goblin/+0 dagger[Robin] (3)]
  2532 | D:2      | Killed Robin
  2636 | D:2      | Learned a level 2 spell: Blink
  3233 | D:2      | Noticed Jessica
  3242 | D:2      | Killed Jessica
  3243 | D:2      | Reached XP level 5. HP: 49/49 MP: 9/9
  4184 | D:3      | Found an iron altar of Okawaru.
  4247 | D:3      | Found a shimmering altar of Xom.
  4248 | D:3      | Found a burning altar of Makhleb.
  4629 | D:4      | Found a snail-covered altar of Cheibriados.
  4637 | D:4      | Became a worshipper of Cheibriados the Contemplative
  4704 | D:4      | Identified the +8 trident "Uzarosm" {vorpal, rF+++ rC+
                  | Will+ Int-5}
  4714 | D:4      | Reached skill level 1 in Throwing
  4763 | D:4      | Noticed an ogre
  4764 | D:4      | Found a sparkling altar of Nemelex Xobeh.
  4778 | D:4      | Killed an ogre
  4779 | D:4      | Reached skill level 1 in Polearms
  4779 | D:4      | Reached XP level 6. HP: 56/56 MP: 10/10
  4807 | D:4      | Reached skill level 2 in Polearms
  4822 | D:4      | Noticed Blork the orc
  4822 | D:4      | Noticed a black bear
  4844 | D:4      | Found a staircase to the Ecumenical Temple.
  4864 | Temple   | Entered the Ecumenical Temple
  5209 | D:4      | Killed a black bear
  5210 | D:4      | Reached skill level 5 in Translocations
  5218 | D:4      | Killed Blork the orc
  5219 | D:4      | Reached skill level 3 in Polearms
  5219 | D:4      | Reached XP level 7. HP: 59/62 MP: 11/11
  5662 | D:5      | Entered Level 5 of the Dungeon
  6251 | D:5      | Reached skill level 4 in Polearms
  6336 | D:5      | You fall into a shaft and drop 2 floors!
  6348 | D:7      | Found an ancient bone altar of Kikubaaqudgha.
  6494 | D:7      | Reached XP level 8. HP: 53/69 MP: 12/12
  6583 | D:7      | Reached skill level 5 in Polearms
  6706 | D:6      | Noticed Menkaure
  6713 | D:6      | Killed Menkaure
  6869 | D:5      | Reached skill level 6 in Polearms
  6997 | D:5      | Reached * piety under Cheibriados
  7536 | D:6      | Noticed Grinder
  7547 | D:6      | Killed Grinder
  7548 | D:6      | Reached skill level 7 in Polearms
  7860 | D:6      | Reached XP level 9. HP: 25/76 MP: 13/13
  8454 | D:6      | Reached skill level 8 in Polearms
  9481 | D:8      | Reached ** piety under Cheibriados
  9579 | D:8      | Reached skill level 9 in Polearms
 10114 | D:8      | Reached skill level 10 in Polearms
 10114 | D:8      | Reached XP level 10. HP: 68/84 MP: 14/14
 10233 | D:7      | Learned a level 4 spell: Iskenderun's Mystic Blast
 10268 | D:8      | Reached *** piety under Cheibriados
 10286 | D:8      | Identified the +5 flail of Wrath {flame, Str+3}
 10343 | D:8      | Identified the ring of Jutawaem {rPois rN+}
 10660 | D:8      | Reached skill level 11 in Polearms
 10873 | D:8      | Reached **** piety under Cheibriados
 11701 | D:9      | Found a glowing golden altar of the Shining One.
 11805 | D:10     | Entered Level 10 of the Dungeon
 11956 | D:10     | Noticed Fannar
 11996 | D:10     | Killed Fannar
 11997 | D:10     | Reached skill level 12 in Polearms
 12301 | D:10     | Found a blossoming altar of Fedhas.
 12407 | D:10     | Reached skill level 1 in Shields
 12407 | D:10     | Reached skill level 1 in Evocations
 12407 | D:10     | Reached XP level 11. HP: 77/90 MP: 16/18
 12541 | D:10     | Noticed Erica
 12552 | D:10     | Killed Erica
 12553 | D:10     | Reached skill level 5 in Spellcasting
 12620 | D:10     | Reached ***** piety under Cheibriados
 12779 | D:11     | Noticed a brown ugly thing
 12780 | D:11     | Noticed a two-headed ogre
 12798 | D:10     | Killed a brown ugly thing
 12909 | D:11     | HP: 4/90 [poisoned by a meliai]
 12909 | D:11     | HP: 1/90 [meliai/+0 war axe (3)]
 12910 | D:11     | Succumbed to a meliai's poison

Illustrated notes

Levels and vault maps discovered:
D:1:      dpeg_arrival_more_subterranean_lakeside_camping, layout_loops_ring,
          hellmonk_ecumenical_altar_blasted
D:2:      layout_basic, serial_shops, shop_fountains,
          nicolae_concentric_dashed_squares_wild, grunt_decor_arrowhead,
          uniq_jessica, uniq_terence, uniq_robin
D:3:      layout_basic, grunt_temple_overflow_champion_of_chaos,
          okawaru_gym_becter
D:4:      layout_loops_ring, mainiacjoe_overflow_concentric_impassable,
          lemuel_coloured_pillars_altar, minmay_temple_entry_glass,
          uniq_blork_the_orc
D:5:      layout_layer_cave
D:6:      layout_basic, minivault_24, nrook_uturn, uniq_grinder, uniq_menkaure
D:7:      layout_loops_corners, tgw_kikubaaqudgha
D:8:      layout_cave_pools, serial_gnoll_camp, gnoll_camp_mini_doghouse,
          gnoll_camp_huts_moat, gnoll_camp_mini_hut, gnoll_camp_medium_01,
          gnoll_camp_mini_sergeant, gnoll_camp_mini_hut
D:9:      layout_rooms, nicolae_tso_carved_into_rock
D:10:     layout_roguey, mainiacjoe_overflow_alcove_4, serial_bayou_ford_a,
          uniq_erica, uniq_fannar
D:11:     layout_rooms, grunt_lair_entry_orc_guard_hut, david_orc_2,
          minmay_shattered_shrine, uniq_nergalle
Temple:   minmay_temple_curvy_branch

Skill      XL: |  1  2  3  4  5  6  7  8  9 10 11 |
---------------+----------------------------------+-----
Dodging        | 2 |  2.6
Fighting       | 3 |  3.2
Spellcasting   | 3 4 5 |  5.3
Throwing       | 1 |  1.0
Translocations | 4 5 7 8 9 |  9.3
Polearms       | 1 3 4 7 10 12 | 12.1
Shields        | 1 2 |  2.2
Evocations     | 1 2 |  2.8
Long Blades    | |  2.0
Armour         | |  0.8

Action                   |  1- 3 |  4- 6 |  7- 9 | 10-12 || total
-------------------------+-------+-------+-------+-------++-------
Melee: Falchion          |    67 |   145 |       |       ||   212
       Punch             |       |     4 |     2 |     1 ||     7
       Spear             |       |    14 |       |       ||    14
       Trident           |       |    15 |   219 |   261 ||   495
Throw: Stone             |    19 |    25 |    17 |    21 ||    82
 Cast: Blink             |       |       |     2 |       ||     2
 Abil: Spit Poison       |     7 |    15 |     5 |     2 ||    29
Evoke: Wand              |       |       |     4 |     2 ||     6
  Use: Potion            |     1 |       |     1 |       ||     2
       Scroll            |       |       |     3 |     4 ||     7
 Stab: Distracted        |       |       |       |     2 ||     2
       Sleeping          |       |       |       |     2 ||     2
Armor: Leather armour    |    25 |    67 |    84 |    48 ||   224
       Robe              |       |       |       |    34 ||    34
Dodge: Dodged            |    41 |   117 |    91 |   102 ||   351
Block: Other             |       |       |    17 |    38 ||    55
       Reflection        |       |       |     3 |     2 ||     5
       Buckler           |       |       |       |    25 ||    25
